R - U22
KISSIMMEE KUMQUATS @ PEORIA PRIDE
08/28/2052
 
TOP OF THE 1ST
Oviedo Catch batting - Pitching for Boca Raton Buccaneers : RHP Garret Adams
Pitching: RHP Garret Adams
Batting: RHB Jude Hart 0-0: Foul Ball, location: 2F
0-1: Ground out 5-3 (Groundball, 56, EV 89.4 MPH)
Batting: RHB Daniel Jamieson 0-0: Called Strike
0-1: Ball
1-1: Called Strike
1-2: Strikes out looking
Batting: LHB Peanut Jackson 0-0: Swinging Strike
0-1: Ball
1-1: SOLO HOME RUN (Flyball, 9D, EV 105.0 MPH), Distance : 396 ft
Batting: RHB J.J. Giron 0-0: Called Strike
0-1: Ball
1-1: Fly out, F8 (Flyball, 8RXD, EV 93.1 MPH)
Top of the 1st over - 1 run, 1 hit, 0 errors, 0 left on base; Oviedo 1 - Boca Raton 0
BOTTOM OF THE 1ST
Boca Raton Buccaneers batting - Pitching for Oviedo Catch : RHP Leslie Bopp
Pitching: RHP Leslie Bopp
Batting: RHB Nick Carignan 0-0: Ball
1-0: Called Strike
1-1: Swinging Strike
1-2: Foul Ball, location: 2F
1-2: Foul Ball, location: 2F
1-2: Ball
2-2: Foul Ball, location: 2F
2-2: Foul Ball, location: 2F
2-2: Strikes out looking
Batting: RHB London Fairfield 0-0: Called Strike
0-1: Ball
1-1: Swinging Strike
1-2: Ball
2-2: Ball
3-2: Foul Ball, location: 2F
3-2: Strikes out looking
Batting: RHB Von Salaiz 0-0: Called Strike
0-1: Ball
1-1: Foul Ball, location: 2F
1-2: Ball
2-2: Ball
3-2: SINGLE (Flyball, 78S, EV 93.8 MPH)
Batting: LHB Armon King 0-0: Ball
1-0: Swinging Strike
1-1: Ground out 4-3 (Groundball, 34, EV 106.2 MPH)
Bottom of the 1st over - 0 runs, 1 hit, 0 errors, 1 left on base; Oviedo 1 - Boca Raton 0
TOP OF THE 2ND
Oviedo Catch batting - Pitching for Boca Raton Buccaneers : RHP Garret Adams
Batting: LHB Joachin Casias 0-0: Swinging Strike
0-1: Ground out U3 (Groundball, 34S, EV 79.4 MPH)
Batting: RHB Japhet Futral 0-0: Ground out 6-3 (Groundball, 6, EV 103.1 MPH)
Batting: LHB Emilio Díaz 0-0: Ball
1-0: Foul Ball, location: 2F
1-1: Ball
2-1: Ball
3-1: Base on Balls
Batting: RHB Jimmy Dean 0-0: Fielders Choice at 2nd, 5-4 (Groundball, 56, EV 100.6 MPH)
Top of the 2nd over - 0 runs, 0 hits, 0 errors, 1 left on base; Oviedo 1 - Boca Raton 0
BOTTOM OF THE 2ND
Boca Raton Buccaneers batting - Pitching for Oviedo Catch : RHP Leslie Bopp
Batting: RHB Alexander Martin 0-0: Ball
1-0: Ball
2-0: Foul Ball, location: 2F
2-1: Ball
3-1: Fly out, F3 (Popup, 3SF, EV 86.9 MPH)
Batting: RHB Santiago Paz 0-0: Ball
1-0: Ball
2-0: Ball
3-0: Called Strike
3-1: Base on Balls
Batting: LHB Cristiano Lira 0-0: Called Strike
0-1: Ball
1-1: Foul Ball, location: 2F
1-2: Foul Ball, location: 2F
1-2: Ball
2-2: Ball
3-2: Base on Balls
Santiago Paz to second
Batting: LHB Crawford Berry 0-0: Ball
1-0: Foul Ball, location: 2F
1-1: Fielders Choice at 2nd, 4-6 (Groundball, 4M, EV 106.2 MPH)
Santiago Paz to third
Batting: RHB J.D. Plumb 0-0: Ball
1-0: Ball
2-0: Swinging Strike
2-1: Foul Ball, location: 2F
2-2: Ball
3-2: Fly out, F8 (Flyball, 8RD, EV 107.5 MPH)
Bottom of the 2nd over - 0 runs, 0 hits, 0 errors, 2 left on base; Oviedo 1 - Boca Raton 0
TOP OF THE 3RD
Oviedo Catch batting - Pitching for Boca Raton Buccaneers : RHP Garret Adams
Batting: LHB Lucas Evans 0-0: Ball
1-0: Ball
2-0: Ball
3-0: Called Strike
3-1: Foul Ball, location: 2F
3-2: Foul Ball, location: 2F
3-2: Strikes out swinging
Batting: RHB Jude Hart 0-0: Ball
1-0: Ball
2-0: SINGLE (Groundball, 56, EV 106.2 MPH)
Batting: RHB Daniel Jamieson 0-0: Ball
1-0: Fly out, F7 (Flyball, 78S, EV 85.6 MPH)
Batting: LHB Peanut Jackson 0-0: Ball
1-0: Ball
Jude Hart steals 2nd base
2-0: Ball
3-0: Called Strike
3-1: Called Strike
3-2: Foul Ball, location: 2F
3-2: Foul Ball, location: 2F
3-2: Fly out, F7 (Flyball, 7D, EV 103.1 MPH)
Top of the 3rd over - 0 runs, 1 hit, 0 errors, 1 left on base; Oviedo 1 - Boca Raton 0
BOTTOM OF THE 3RD
Boca Raton Buccaneers batting - Pitching for Oviedo Catch : RHP Leslie Bopp
Batting: RHB Nick Carignan 0-0: Ball
1-0: Ball
2-0: Foul Ball, location: 2F
2-1: SINGLE (Line Drive, 56D, EV 104.4 MPH)
Batting: RHB London Fairfield 0-0: Fly out, F8 (Flyball, 89D, EV 97.5 MPH)
Batting: RHB Von Salaiz 0-0: Fly out, F8 (Line Drive, 8RD, EV 101.9 MPH)
Batting: LHB Armon King 0-0: Ball
Wild Pitch!
Nick Carignan to second
1-0: Swinging Strike
1-1: Called Strike
1-2: Ball
2-2: Foul Ball, location: 2F
2-2: Ground out U3 (Groundball, 3S, EV 81.9 MPH)
Bottom of the 3rd over - 0 runs, 1 hit, 0 errors, 1 left on base; Oviedo 1 - Boca Raton 0
TOP OF THE 4TH
Oviedo Catch batting - Pitching for Boca Raton Buccaneers : RHP Garret Adams
Batting: RHB J.J. Giron 0-0: Ball
1-0: Ball
2-0: SINGLE (Line Drive, 8RS, EV 92.5 MPH)
Batting: LHB Joachin Casias 0-0: Ball
1-0: SINGLE (Line Drive, 78S, EV 106.2 MPH)
J.J. Giron to second
Batting: RHB Japhet Futral 0-0: Called Strike
0-1: Fielders Choice at 2nd, 6-4 (Groundball, 6, EV 87.5 MPH)
J.J. Giron to third
Batting: LHB Emilio Díaz 0-0: Ball
1-0: Ball
2-0: Called Strike
2-1: Fly out, F8 (Flyball, 89D, EV 85.0 MPH)
Runner from 3rd tags up, SCORES, throw by CF
Batting: RHB Jimmy Dean 0-0: Ball
1-0: Ball
2-0: Called Strike
2-1: Foul Ball, location: 2F
2-2: Fly out, F9 (Flyball, 9LM, EV 81.2 MPH)
Top of the 4th over - 1 run, 2 hits, 0 errors, 1 left on base; Oviedo 2 - Boca Raton 0
BOTTOM OF THE 4TH
Boca Raton Buccaneers batting - Pitching for Oviedo Catch : RHP Leslie Bopp
Batting: RHB Alexander Martin 0-0: Ball
1-0: Ball
2-0: Foul Ball, location: 2F
2-1: SINGLE (Flyball, 3D, EV 90.6 MPH)
Batting: RHB Santiago Paz 0-0: Ball
1-0: Foul Ball, location: 2F
1-1: Fly out, F8 (Line Drive, 8RD, EV 86.2 MPH)
Batting: LHB Cristiano Lira 0-0: Ball
1-0: 2-RUN HOME RUN (Flyball, 9D, EV 99.4 MPH), Distance : 385 ft
Batting: LHB Crawford Berry 0-0: Foul Ball, location: 2F
0-1: Foul Ball, location: 2F
0-2: Ball
1-2: Ball
2-2: Ball
3-2: Foul Ball, location: 2F
3-2: Foul Ball, location: 2F
3-2: Foul Ball, location: 2F
3-2: Foul Ball, location: 2F
3-2: Ground out 4-3 (Groundball, 34D, EV 106.9 MPH)
Pitching: RHP Juan Carlos Jiménez
Batting: RHB J.D. Plumb 0-0: Ball
1-0: Ground out 4-3 (Groundball, 4, EV 91.2 MPH)
Bottom of the 4th over - 2 runs, 2 hits, 0 errors, 0 left on base; Oviedo 2 - Boca Raton 2
TOP OF THE 5TH
Oviedo Catch batting - Pitching for Boca Raton Buccaneers : RHP Garret Adams
Batting: LHB Lucas Evans 0-0: Ball
1-0: Ball
2-0: Ball
3-0: Base on Balls
Batting: RHB Jude Hart 0-0: Bunted foul
0-1: Sac Bunt to P - play at first, batter OUT! 1-4
Lucas Evans to second
Batting: RHB Daniel Jamieson 0-0: Ball
1-0: Ball
2-0: Called Strike
2-1: Ball
3-1: Base on Balls
Batting: LHB Peanut Jackson 0-0: Called Strike
0-1: Foul Ball, location: 2F
0-2: Ball
1-2: SINGLE (Flyball, 7LS, EV 98.1 MPH)
Lucas Evans to third
Daniel Jamieson to second
Runner from 3rd tries for Home, SAFE, throw by LF to home
Batting: RHB J.J. Giron 0-0: Foul Ball, location: 2F
0-1: Fielders Choice at 2nd, 5-4 (Groundball, 56, EV 107.5 MPH)
Daniel Jamieson to third
Batting: LHB Joachin Casias 0-0: Swinging Strike
0-1: Ball
1-1: Ball
2-1: Fly out, F8 (Line Drive, 8RD, EV 108.1 MPH)
Top of the 5th over - 1 run, 1 hit, 0 errors, 2 left on base; Oviedo 3 - Boca Raton 2
BOTTOM OF THE 5TH
Boca Raton Buccaneers batting - Pitching for Oviedo Catch : RHP Juan Carlos Jiménez
Batting: RHB Nick Carignan 0-0: Ball
1-0: Ball
2-0: Called Strike
2-1: Ball
3-1: Base on Balls
Batting: RHB London Fairfield 0-0: Bunt missed!
0-1: Ball
1-1: Bunted foul
1-2: SINGLE (Groundball, 56D, EV 93.8 MPH)
Nick Carignan to second
Batting: RHB Von Salaiz 0-0: Fielders Choice at 2nd, 6-4 (Groundball, 6S, EV 80.6 MPH)
Nick Carignan to third
Batting: LHB Armon King 0-0: Ball
1-0: Called Strike
1-1: Ball
2-1: Ball
3-1: Fielders Choice at 2nd, 6-4 (Groundball, 6M, EV 88.8 MPH)
Nick Carignan scores
Batting: RHB Alexander Martin 0-0: Ball
1-0: Called Strike
1-1: Ball
2-1: 2-RUN HOME RUN (Flyball, 9D, EV 97.5 MPH), Distance : 381 ft
Batting: RHB Santiago Paz 0-0: Foul Ball, location: 2F
0-1: Foul Ball, location: 2F
0-2: Strikes out looking
Bottom of the 5th over - 3 runs, 2 hits, 0 errors, 0 left on base; Oviedo 3 - Boca Raton 5
TOP OF THE 6TH
Oviedo Catch batting - Pitching for Boca Raton Buccaneers : RHP Garret Adams
Pitching: LHP Francisco Peguero
Batting: RHB Japhet Futral 0-0: Called Strike
0-1: Ball
1-1: Ball
2-1: Ball
3-1: Base on Balls
Pinch Hitting: SHB Landon Menard 0-0: Ball
1-0: Swinging Strike
1-1: Called Strike
1-2: SINGLE (Flyball, 6D, EV 90.6 MPH)
Japhet Futral to second
Batting: RHB Jimmy Dean 0-0: Called Strike
0-1: Swinging Strike
0-2: Strikes out swinging
Pinch Hitting: RHB Darby Tomaselli 0-0: Called Strike
0-1: Foul Ball, location: 2F
0-2: Ball
1-2: Strikes out looking
Batting: RHB Jude Hart 0-0: Called Strike
0-1: Foul Ball, location: 2F
0-2: SINGLE (Flyball, 9S, EV 92.5 MPH)
Japhet Futral to third
Landon Menard to second
Runner from 3rd tries for Home, SAFE, throw by RF to home
Batting: RHB Daniel Jamieson 0-0: Ball
1-0: SINGLE (Line Drive, 7LS, EV 104.4 MPH)
Landon Menard to third
Jude Hart to second
Runner from 3rd tries for Home, SAFE, throw by LF to home
Batting: LHB Peanut Jackson 0-0: Called Strike
0-1: Ball
1-1: Ball
2-1: SINGLE (Line Drive, 6MD, EV 99.4 MPH)
Jude Hart to third
Daniel Jamieson to second
Runner from 3rd tries for Home, SAFE, throw by CF to home
Pitching: RHP Jairo Landin
Batting: RHB J.J. Giron 0-0: Ball
1-0: Foul Ball, location: 2F
1-1: Swinging Strike
1-2: Fielders Choice at 2nd, 6-4 (Groundball, 6, EV 79.4 MPH)
Top of the 6th over - 3 runs, 4 hits, 0 errors, 2 left on base; Oviedo 6 - Boca Raton 5
BOTTOM OF THE 6TH
Boca Raton Buccaneers batting - Pitching for Oviedo Catch : RHP Juan Carlos Jiménez
Pitching: RHP Ian Marshall
Now at 1B: Timmy Hairston
Now in RF: Jaxon Bolduc
Batting: LHB Cristiano Lira 0-0: Called Strike
0-1: Called Strike
0-2: Foul Ball, location: 2F
0-2: Ball
1-2: Ball
2-2: Fly out, F7 (Flyball, 78D, EV 77.5 MPH)
Batting: LHB Crawford Berry 0-0: Ball
1-0: Called Strike
1-1: Ball
2-1: Foul Ball, location: 2F
2-2: Foul Ball, location: 2F
2-2: Foul Ball, location: 2F
2-2: Ball
3-2: Foul Ball, location: 2F
3-2: Strikes out looking
Batting: RHB J.D. Plumb 0-0: Ball
1-0: Called Strike
1-1: Ball
2-1: SINGLE (Groundball, 34, EV 99.4 MPH)
Batting: RHB Nick Carignan 0-0: Foul Ball, location: 2F
0-1: Swinging Strike
0-2: Ball
1-2: Strikes out looking
Bottom of the 6th over - 0 runs, 1 hit, 0 errors, 1 left on base; Oviedo 6 - Boca Raton 5
TOP OF THE 7TH
Oviedo Catch batting - Pitching for Boca Raton Buccaneers : RHP Jairo Landin
Batting: LHB Joachin Casias 0-0: Ball
1-0: Ball
2-0: Foul Ball, location: 2F
2-1: Ball
3-1: Base on Balls
Batting: RHB Japhet Futral 0-0: Bunt missed!
0-1: Ball
1-1: Sac Bunt to 13S - play at first, batter OUT! 1-4
Joachin Casias to second
Batting: LHB Timmy Hairston 0-0: Intentional Walk
Batting: RHB Jimmy Dean 0-0: Ball
1-0: Ball
2-0: Foul Ball, location: 2F
2-1: Ball
3-1: Fly out, F7 (Line Drive, 7, EV 88.1 MPH)
Batting: RHB Jaxon Bolduc 0-0: Called Strike
0-1: Ball
1-1: Ball
2-1: Ground out 4-3 (Groundball, 4MS, EV 88.1 MPH)
Top of the 7th over - 0 runs, 0 hits, 0 errors, 2 left on base; Oviedo 6 - Boca Raton 5
BOTTOM OF THE 7TH
Boca Raton Buccaneers batting - Pitching for Oviedo Catch : RHP Ian Marshall
Batting: RHB London Fairfield 0-0: Ball
1-0: Swinging Strike
1-1: Ball
2-1: Ball
3-1: Base on Balls
Batting: RHB Von Salaiz 0-0: Ball
1-0: Ball
2-0: Fly out, F9 (Flyball, 89M, EV 92.5 MPH)
Batting: LHB Armon King 0-0: Grounds into double play, 3-6-1 (Groundball, 3, EV 88.8 MPH)
Bottom of the 7th over - 0 runs, 0 hits, 0 errors, 0 left on base; Oviedo 6 - Boca Raton 5
TOP OF THE 8TH
Oviedo Catch batting - Pitching for Boca Raton Buccaneers : RHP Jairo Landin
Batting: RHB Jude Hart 0-0: Ball
1-0: SINGLE (Line Drive, 8LS, EV 98.1 MPH)
Batting: RHB Daniel Jamieson 0-0: Called Strike
0-1: Foul Ball, location: 2F
0-2: Ball
Jude Hart steals 2nd base
1-2: Ball
Wild Pitch!
Jude Hart to third
2-2: Ball
3-2: Base on Balls
Batting: LHB Peanut Jackson 0-0: Called Strike
0-1: Ground out U3 (Groundball, 3, EV 105.0 MPH)
Daniel Jamieson to second
Pitching: RHP Millard Lucas
Batting: RHB J.J. Giron 0-0: Called Strike
0-1: Called Strike
0-2: Foul Ball, location: 2F
0-2: Ball
1-2: Strikes out swinging
Batting: LHB Joachin Casias 0-0: Ball
1-0: Called Strike
1-1: Ground out 4-3 (Groundball, 4, EV 86.9 MPH)
Top of the 8th over - 0 runs, 1 hit, 0 errors, 2 left on base; Oviedo 6 - Boca Raton 5
BOTTOM OF THE 8TH
Boca Raton Buccaneers batting - Pitching for Oviedo Catch : RHP Ian Marshall
Batting: RHB Alexander Martin 0-0: Foul Ball, location: 2F
0-1: Ball
1-1: Ball
2-1: Fly out, F8 (Flyball, 8LD, EV 108.8 MPH)
Pinch Hitting: SHB Owen Chamberlain 0-0: Ball
1-0: Swinging Strike
1-1: Ball
2-1: Swinging Strike
2-2: Ball
3-2: Strikes out swinging
Pitching: RHP Nathan Teague
Batting: LHB Cristiano Lira 0-0: Ball
1-0: Called Strike
1-1: Ball
2-1: Ball
3-1: Called Strike
3-2: Fly out, F5 (Popup, 56, EV 70.0 MPH)
Bottom of the 8th over - 0 runs, 0 hits, 0 errors, 0 left on base; Oviedo 6 - Boca Raton 5
TOP OF THE 9TH
Oviedo Catch batting - Pitching for Boca Raton Buccaneers : RHP Millard Lucas
Pitching: RHP Vernon Karolyan
Now at 3B: Owen Chamberlain
Batting: RHB Japhet Futral 0-0: Ground out 6-3 (Groundball, 6, EV 83.1 MPH)
Batting: LHB Timmy Hairston 0-0: Ball
1-0: Swinging Strike
1-1: Ball
2-1: SOLO HOME RUN (Flyball, 9D, EV 103.8 MPH), Distance : 391 ft
Batting: RHB Jimmy Dean 0-0: Ground out 5-3 (Groundball, 5S, EV 80.6 MPH)
Batting: RHB Jaxon Bolduc 0-0: SOLO HOME RUN (Flyball, 7D, EV 96.2 MPH), Distance : 385 ft
Batting: RHB Jude Hart 0-0: Foul Ball, location: 2F
0-1: Swinging Strike
0-2: Fly out, F6 (Line Drive, 6, EV 58.8 MPH)
Top of the 9th over - 2 runs, 2 hits, 0 errors, 0 left on base; Oviedo 8 - Boca Raton 5
BOTTOM OF THE 9TH
Boca Raton Buccaneers batting - Pitching for Oviedo Catch : RHP Nathan Teague
Pitching: RHP Otis Thake
Batting: LHB Crawford Berry 0-0: Ball
1-0: Called Strike
1-1: Called Strike
1-2: Fly out, F7 (Line Drive, 7, EV 111.2 MPH)
Pinch Hitting: LHB Jeremy Groark 0-0: Ball
1-0: Fly out, F9 (Flyball, 9LM, EV 86.9 MPH)
Batting: RHB Nick Carignan 0-0: Ground out 5-3 (Groundball, 56, EV 98.1 MPH)
Bottom of the 9th over - 0 runs, 0 hits, 0 errors, 0 left on base; Oviedo 8 - Boca Raton 5
Sunday, May 5th , 2024 - OOTP Baseball 24.11 Build 85